 Dungeon Sprint DCSS version 0.23-a0-539-g3f6f39f (webtiles) character file.

735 JosiahThimblerig the Fighter (level 7, -4/72 HPs)
             Began as a Hill Orc Fighter on Dec 7, 2018.
             Was a Follower of Vehumet.
             Killed by divine providence
             ... invoked by a smoke demon
             ... summoned by a kobold demonologist
              (13 damage)
             ... in the Dungeon (Sprint I: "Red Sonja").
             The game lasted 00:08:26 (994 turns).

JosiahThimblerig the Fighter (Hill Orc Fighter)      Turns: 994, Time: 00:08:27

Health: -4/72      AC: 10    Str: 19    XL:     7   Next: 74%
Magic:  7/7        EV: 10    Int:  9    God:    Vehumet [*.....]
Gold:   153        SH: 11    Dex: 11    Spells: 6/6 levels left

rFire    . . .     SeeInvis .   a - +0 rapier
rCold    . . .     Gourm    .   c - +0 shield
rNeg     . . .     Faith    .   m - +3 ring mail {rPois}
rPois    +         Spirit   .   (no helmet)
rElec    .         Reflect  .   (no cloak)
rCorr    .         Harm     .   (no gloves)
MR       .....     NoTele   +   (no boots)
Stlth    +.........             (no amulet)
HPRegen  0.22/turn              (no ring)
MPRegen  0.10/turn              (no ring)

@: lethally poisoned (-4 -> -6), berserk cooldown, hasted and slowed
A: no striking features
a: Renounce Religion


You were in the Dungeon.
You worshipped Vehumet.
Vehumet was aware of your devotion.
You were not hungry.

You visited 1 branch You collected 405 gold pieces.
You spent 252 gold pieces at shops.

Inventory:

Hand Weapons
 a - a +0 rapier (weapon)
 n - a +0 giant spiked club
 o - a +0 scythe
Armour
 b - a +0 scale mail
 c - a +0 shield (worn)
 m - a +3 ring mail of poison resistance (worn)
 p - a +0 robe
Scrolls
 g - a scroll of fear {unknown}
 k - a scroll of blinking
 l - a scroll of enchant armour {unknown}
Potions
 d - a potion of might
 e - a potion of curing
 i - 2 potions of magic
Comestibles
 f - a ration


   Skills:
 + Level 10.0 Fighting
 + Level 9.2 Short Blades
 + Level 8.8 Armour
 + Level 2.0 Dodging
 + Level 1.7 Stealth
 + Level 9.3 Shields


You had 6 spell levels left.
You didn't know any spells.
Your spell library was empty.

Dungeon Overview and Level Annotations

Branches:
Dungeon (1/1)

Altars:
Cheibriados
Dithmenos
Elyvilon
Fedhas
Gozag
Hepliaklqana
Kikubaaqudgha
Makhleb
Nemelex Xobeh
Okawaru
Qazlal
Ru
Sif Muna
Trog
Uskayaw
Vehumet
Wu Jian
Xom
Yredelemnul
Zin
The Shining One
Jiyva
Lugonu

Shops:
D !


Message History

You block the kobold demonologist's attack. 2 demonic crawlers come into view.
You feel sick.
The demonic crawler gives a hideous shriek! x2
The crimson imp shouts!
You hear a hideous shriek!
You hear a roar!
The sixfirhy disappears in a puff of smoke!
The kobold demonologist miscasts a cantrip.
The kobold demonologist mumbles some strange words.
There is an open door here.
You feel sick.
The kobold demonologist casts a spell.
There is a shimmering altar of Xom here.
You puncture the kobold demonologist!
The kobold demonologist is almost dead.
The kobold demonologist casts a cantrip, but nothing happens.
You barely miss the kobold demonologist.
The kobold demonologist is almost dead.
The smoke demon gestures at you. Something smites you!
You die...

#########################
<.#..'..#..'..#__#K.'35.#
..'÷.#..'..#..'..K45#.3.#
..#####'#####'#_@####5.4ss
..####..#...#.####§ ####5
..#__####..##.#≈§§§c#
..#_____##'#_.+§§§..+
⌠⌠#_.∩...÷..._#§§§§c#
###_..__##_.#+##+#
#_____###+# #######


You could see an ice devil, 2 kobold demonologists, a smoke demon, a crimson imp
and a shadow imp.

Vanquished Creatures
  A slime creature (D)
  Sigmund (D)
  A yak (D)
  A floating eye (D)
  An ogre (D)
  A jelly (D)
  Ijyb (D)
7 creatures vanquished.

Notes
Turn   | Place    | Note
-------+----------+-------------------------------------------
     0 | D        | JosiahThimblerig the Hill Orc Fighter began the quest for
                  | the Orb.
     0 | D        | Reached XP level 1. HP: 19/19 MP: 1/1
     2 | D        | Noticed Ijyb
    24 | D        | Killed Ijyb
    24 | D        | Reached skill level 5 in Fighting
    24 | D        | Reached XP level 2. HP: 25/29 MP: 2/2
    24 | D        | Reached XP level 3. HP: 31/36 MP: 3/3
    41 | D        | Noticed an ogre
    48 | D        | Killed an ogre
    48 | D        | Reached skill level 7 in Fighting
    48 | D        | Reached XP level 4. HP: 24/47 MP: 4/4
    48 | D        | Reached XP level 5. HP: 26/52 MP: 5/5
   217 | D        | Noticed Sigmund
   246 | D        | Killed Sigmund
   246 | D        | Reached skill level 8 in Fighting
   246 | D        | Reached skill level 5 in Short Blades
   246 | D        | Reached XP level 6. HP: 36/62 MP: 6/6
   270 | D        | Found an ornate altar of the Wu Jian Council.
   270 | D        | Found a deep blue altar of Sif Muna.
   272 | D        | Found a radiant altar of Vehumet.
   287 | D        | Reached skill level 1 in Dodging
   482 | D        | Became a worshipper of Vehumet
   498 | D        | Found Juinloin's Distillery.
   498 | D        | Found an ancient bone altar of Kikubaaqudgha.
   498 | D        | Found a hazy altar of Hepliaklqana.
   498 | D        | Found a hide-covered altar of Uskayaw.
   498 | D        | Found a basalt altar of Yredelemnul.
   498 | D        | Found an opulent altar of Gozag.
   498 | D        | Found a snail-covered altar of Cheibriados.
   498 | D        | Found a sacrificial altar of Ru.
   498 | D        | Found a shadowy altar of Dithmenos.
   498 | D        | Noticed a yak
   512 | D        | Killed a yak
   512 | D        | Reached skill level 9 in Fighting
   512 | D        | Reached skill level 1 in Stealth
   512 | D        | Reached XP level 7. HP: 50/70 MP: 7/7
   659 | D        | Found a stormy altar of Qazlal.
   659 | D        | Found a blossoming altar of Fedhas.
   659 | D        | Found a bloodstained altar of Trog.
   659 | D        | Found an iron altar of Okawaru.
   659 | D        | Found a glowing golden altar of the Shining One.
   659 | D        | Found a glowing silver altar of Zin.
   659 | D        | Found a white marble altar of Elyvilon.
   660 | D        | Found a sparkling altar of Nemelex Xobeh.
   668 | D        | Bought a potion of heal wounds for 70 gold pieces
   668 | D        | Bought a potion of curing for 42 gold pieces
   668 | D        | Bought 2 potions of heal wounds for 140 gold pieces
   677 | D        | Noticed a centaur warrior
   677 | D        | Noticed a centaur warrior
   683 | D        | Found a viscous altar of Jiyva.
   683 | D        | Found a corrupted altar of Lugonu.
   683 | D        | Noticed a slime creature
   684 | D        | Found a burning altar of Makhleb.
   684 | D        | Found a shimmering altar of Xom.
   718 | D        | Killed a slime creature
   954 | D        | Noticed a kobold demonologist
   955 | D        | Noticed a red devil
   955 | D        | Noticed a kobold demonologist
   960 | D        | Reached * piety under Vehumet
   960 | D        | Offered knowledge of Shock by Vehumet.
   960 | D        | Reached skill level 10 in Fighting
   961 | D        | Noticed a red devil
   974 | D        | Noticed an ice devil
   983 | D        | Noticed a sixfirhy
   988 | D        | Noticed a neqoxec
   990 | D        | Noticed a demonic crawler
   990 | D        | Noticed a demonic crawler
   990 | D        | Noticed a chaos spawn
   993 | D        | Noticed a smoke demon
   994 | D        | Killed from afar by a smoke demon

Vault maps used:
D:        dungeon_sprint_1

Skill      XL: |  1  2  3  4  5  6  7 |
---------------+----------------------+-----
Fighting       | 5 7 8 9 10 | 10.0
Armour         | 4 6 7 8 |  8.8
Shields        | 4 6 7 8 9 |  9.3
Short Blades   | 3 5 7 9 |  9.2
Dodging        | 1 2 |  2.0
Stealth        | 1 |  1.7

Action                   |  1- 3 |  4- 6 |  7- 9 || total
-------------------------+-------+-------+-------++-------
Melee: Rapier            |    29 |    46 |    61 ||   136
  Use: Potion            |       |     1 |     6 ||     7
Armor: Scale mail        |     9 |       |       ||     9
       Ring mail         |       |     5 |    11 ||    16
Dodge: Dodged            |     4 |    12 |    21 ||    37
Block: Shield            |    12 |    17 |    24 ||    53

Table legend:
 A = Non-vault XP
 B = Vault XP
 C = Vault XP percentage of total XP
 D = Non-vault monster count
 E = Vault monster count
 F = Vault count percentage of total count
                 A         B        C        D         E       F
            +---------+---------+-------+---------+---------+-------
      Total |       0 |    1050 | 100.0 |       0 |       7 | 100.0
            +---------+---------+-------+---------+---------+-------
          D |       0 |    1050 | 100.0 |       0 |       7 | 100.0
            +---------+---------+-------+---------+---------+-------
